[Event "*** SCC Grand Prix: Titled Tuesday Blitz"]
[Site "Chess.com"]
[Date "2020.07.21"]
[Round "6"]
[White "VladaSviridova"]
[Black "Gulkov_Igor"]
[Result "0-1"]
[WhiteElo "2125"]
[BlackElo "2377"]
[TimeControl "180+1"]
[EndTime "11:06:40 PDT"]
[Termination "Gulkov_Igor won by resignation"]

1. d4 Nf6 2. c4 g6 3. Nc3 Bg7 4. e4 d6 5. Nf3 O-O 6. Be2 Bg4 7. O-O Nfd7 8. Be3 Nc6 9. d5 Bxf3 10. Bxf3 Na5 11.
Be2 Bxc3 12. bxc3 e5 13. Qc2 b6 14. Rfe1 Qe7 15. Bf1 Nb7 16. g3 Nbc5 17. Bg2 a5 18. a4 f6 19. Qd2 Rf7 20. h4 Nb3 21. Qe2 Nxa1 22. Rxa1 Nc5 23. h5 g5 24. f3 f5 25.
exf5 Rxf5 26. Bh3 Rff8 27. Bxc5 bxc5 28. Be6+ Kg7 29. Kg2 Qf6 30. Rh1 h6 31. Rb1 Rab8 32.
Rb5 Rxb5 33. cxb5 c4 34. g4 Qf4 35. Bf5 Rxf5 36. gxf5 Kf6 37. Qe4 Qd2+ 38. Kg3 Qxc3 39.
Qe3 Qxe3 0-1

[Event "*** SCC Grand Prix: Titled Tuesday Blitz"]
[Site "Chess.com"]
[Date "2020.07.21"]
[Round "6"]
[White "crescentmoon2411"]
[Black "TST2014"]
[Result "1-0"]
[WhiteElo "2811"]
[BlackElo "2514"]
[TimeControl "180+1"]
[EndTime "11:06:41 PDT"]
[Termination "crescentmoon2411 won by resignation"]

1. d4 Nf6 2. Nf3 g6 3. Bf4 Bg7 4. e3 O-O 5. h3 d6 6. Be2 Nbd7 7. O-O e6 8. c4 Qe7 9. Nc3 b6 10. Re1 Bb7 11. Qc2 e5 12. Bh2 Rfe8 13. a4 a5 14. Nb5 Rac8 15. Rad1 Ne4 16. Nd2 Nxd2 17. Qxd2 Qg5 18. Bf1 exd4 19. exd4 Qxd2 20. Rxe8+ Rxe8 21. Rxd2 Rc8 22. g4 Ba6 23. Bg2 Bxb5 24. cxb5 Re8 25. Bf3 Nf8 26. Bf4 Ne6 27. Be3 f5 28. Bd5 Kf8 29. Bxe6 Rxe6 30. Rc2 Re7 31. Bg5 Rd7 32. gxf5 Bxd4 33. fxg6 hxg6 34. b3 Rf7 35. Kg2 Ke8 36. f4 Kd7 37. h4 d5 38. Rd2 Be3 39. Rxd5+ Kc8 40. Kf3 Bc1 41. Rd8+ Kb7 42. Rg8 Rd7 43. Rxg6 Rd3+ 44. Kg4 Rxb3 45. h5 Bb2 46. h6 Ra3 47. h7 Rxa4 48. Bf6 Bc1 49. h8=Q Rxf4+ 50. Kg3 a4 51.
Qh1+ Ka7 52. Rg8 Rf3+ 53. Qxf3 Bf4+ 54. Kxf4 c6 55. Qxc6 1-0

[Event "*** SCC Grand Prix: Titled Tuesday Blitz"]
[Site "Chess.com"]
[Date "2020.07.21"]
[Round "6"]
[White "GMJustin"]
[Black "dopolian"]
[Result "1-0"]
[WhiteElo "2310"]
[BlackElo "2418"]
[TimeControl "180+1"]
[EndTime "11:06:41 PDT"]
[Termination "GMJustin won by resignation"]

1. d4 Nf6 2. c4 c5 3. d5 e6 4. Nc3 exd5 5. cxd5 d6 6. g3 g6 7. Bg2 Bg7 8. Nf3 O-O 9. O-O Re8 10. Nd2 a6 11. a4 Nbd7 12. h3 Nh5 13. Nc4 Ne5 14.
Na3 Rb8 15. e4 c4 16. Kh2 Qc7 17. g4 Nf6 18. Be3 h5 19. g5 Nfd7 20. Qd2 Nc5 21. Qe2 Nb3 22. Rad1 Na5 23. f4 Nd3 24. Nxc4 Nxc4 25.
Rxd3 Nxb2 26. Qxb2 Bd7 27. Bd4 Rbc8 28. Bxg7 Kxg7 29. Nb5+ Kg8 30. Nxc7 Rxc7 31. Rc1 Rec8 32. Rxc7 Rxc7 33. Rc3 1-0

[Event "*** SCC Grand Prix: Titled Tuesday Blitz"]
[Site "Chess.com"]
[Date "2020.07.21"]
[Round "6"]
[White "nitpicker"]
[Black "j2806"]
[Result "0-1"]
[WhiteElo "2214"]
[BlackElo "2059"]
[TimeControl "180+1"]
[EndTime "11:06:41 PDT"]
[Termination "j2806 won on time"]

1. d4 Nf6 2. c4 e6 3. Nf3 d5 4. g3 Be7 5. Bg2 O-O 6. O-O dxc4 7. Ne5 Nc6 8. Bxc6 bxc6 9. Nxc6 Qe8 10. Nxe7+ Qxe7 11. Qa4 c5 12. Qc6 Rb8 13. Qxc5 Qd7 14. Qxc4 Bb7 15.
Nc3 Rfc8 16. Qd3 Rd8 17. Rd1 e5 18. Bg5 Qh3 19. e4 Ng4 20. Qc2 Qxh2+ 21. Kf1 f6 22. Bc1 Qh1+ 23. Ke2 Ba6+ 24. Rd3 Bxd3+ 25. Qxd3 Rxd4 26. Qf3 Qxf3+ 27. Kxf3 h5 28. Nd5 Rc4 29. b3 Rc3+ 0-1

[Event "*** SCC Grand Prix: Titled Tuesday Blitz"]
[Site "Chess.com"]
[Date "2020.07.21"]
[Round "6"]
[White "mjray79"]
[Black "Borsuk_Konstantin"]
[Result "1-0"]
[WhiteElo "2382"]
[BlackElo "2556"]
[TimeControl "180+1"]
[EndTime "11:06:42 PDT"]
[Termination "mjray79 won by resignation"]

1. d4 Nf6 2. c4 e6 3. g3 c5 4. Nf3 b6 5. Bg2 Bb7 6. O-O Qc8 7. b3 Be7 8. Bb2 O-O 9. dxc5 bxc5 10. Nc3 a6 11.
Na4 Qc7 12. Nd2 Bxg2 13. Kxg2 Nc6 14. Rc1 d6 15. e4 Nd7 16. f4 Bf6 17. Bxf6 Nxf6 18.
Qe2 Nd4 19. Qd3 e5 20. Nc3 Rfe8 21. Qe3 Ng4 22. Qd3 Nf6 23. Qe3 exf4 24. Rxf4 Re5 25.
Rxf6 gxf6 26. Nd5 Qd8 27. Qh6 Re6 28. Rf1 f5 29. Qf4 Kh8 30. Kh1 fxe4 31. Nxe4 f5 32. Ng5 Qe8 33. Nc7 Qc6+ 34. Nd5 Rg6 35. Qh4 Qb7 36.
Re1 Rg7 37. Qh6 Rf8 38. Nxh7 Rff7 39. Nf6+ 1-0

[Event "*** SCC Grand Prix: Titled Tuesday Blitz"]
[Site "Chess.com"]
[Date "2020.07.21"]
[Round "6"]
[White "AquivaRubinstein"]
[Black "bgfbfbgfbgfgf"]
[Result "0-1"]
[WhiteElo "2463"]
[BlackElo "2637"]
[TimeControl "180+1"]
[EndTime "11:06:43 PDT"]
[Termination "bgfbfbgfbgfgf won by checkmate"]

1. d4 Nf6 2. c4 g6 3. Nc3 c5 4.
d5 e6 5. Nf3 d6 6. e4 Bg7 7.
Nd2 O-O 8. Be2 a6 9. a4 exd5 10. cxd5 Nbd7 11. O-O Qc7 12. Nc4 Re8 13. Bf4 Nxe4 14.
Nxe4 Rxe4 15. Bxd6 Qd8 16. Bd3 Rd4 17. Qf3 Nf6 18. Rfe1 Rxd5 19. Be7 Rxd3 20. Bxd8 Rxf3 21. gxf3 Be6 22. Bxf6 Bxf6 23. Ne5 Rd8 24. Ng4 Bxb2 25. Rab1 Rd2 26. Ne3 Ba2 27. Rbd1 Rxd1 28. Rxd1 Bd4 29. a5 Kf8 30. Re1 c4 31. Nc2 Bf6 32. Re4 Bb3 33. Ne3 c3 34. Rb4 c2 35. Nxc2 Bxc2 36. Rxb7 Bd3 37. f4 Bb5 38. Rb6 Bc3 39. Rb7 Bxa5 40. f5 gxf5 41. h4 h5 42. Kh2 Bc3 43. Kg3 Be5+ 44.
Kh3 Bf1# 0-1

[Event "*** SCC Grand Prix: Titled Tuesday Blitz"]
[Site "Chess.com"]
[Date "2020.07.21"]
[Round "6"]
[White "dretch"]
[Black "okriak"]
[Result "0-1"]
[WhiteElo "2820"]
[BlackElo "2714"]
[TimeControl "180+1"]
[EndTime "11:06:46 PDT"]
[Termination "okriak won on time"]

1. d4 d5 2. c4 e6 3. Nc3 c6 4. e3 Nf6 5. b3 Bb4 6. Bd2 O-O 7. Nf3 Nbd7 8. Bd3 Bd6 9. O-O b6 10. e4 dxe4 11. Nxe4 Nxe4 12. Bxe4 Bb7 13. Bg5 Qc7 14. Qc2 f5 15. Bd3 c5 16. d5 Nf6 17. Rfe1 exd5 18. Bxf5 dxc4 19. Bxf6 Rxf6 20. Bxh7+ Kh8 21. Be4 cxb3 22. axb3 Bxe4 23. Rxe4 Rh6 24. h4 Rf8 25. Ng5 Qd7 26. Rd1 Qf5 27. Rxd6 Rxd6 28. Re8 Rf6 29. Qe2 Qxf2+ 30. Qxf2 Rxf2 31. Re7 a5 32. Rb7 R2f6 33. Kh2 Kg8 34. Kh3 Re8 35.
Kg4 Rc8 36. Kh3 Rd6 37. g3 Rg6 38. Nf3 c4 39. bxc4 Rxc4 40. Ne5 Rcc6 41. Rb8+ Kh7 0-1

[Event "*** SCC Grand Prix: Titled Tuesday Blitz"]
[Site "Chess.com"]
[Date "2020.07.21"]
[Round "6"]
[White "Playgood28"]
[Black "MNyuyu"]
[Result "1/2-1/2"]
[WhiteElo "2279"]
[BlackElo "2417"]
[TimeControl "180+1"]
[EndTime "11:06:46 PDT"]
[Termination "Game drawn by repetition"]

1. d4 d5 2. c4 e6 3. Nc3 Be7 4. Nf3 Nf6 5. cxd5 exd5 6. Bg5 c6 7. Qc2 g6 8. e3 Bf5 9. Bd3 Bxd3 10. Qxd3 Nbd7 11. O-O O-O 12. Rab1 Re8 13. Nd2 a5 14. a3 a4 15. Rfc1 b5 16. Na2 Rc8 17. Nb4 Bxb4 18.
axb4 Nb6 19. b3 axb3 20. Nxb3 Nc4 21. Nc5 Qd6 22. Bf4 Qe7 23. Ra1 Ra8 24. Bg5 Qd6 25. Bf4 Qe7 26. Bg5 Kg7 27. h3 h6 28. Bf4 Nd7 29.
Qc3 Nxc5 30. dxc5+ f6 31. Rxa8 Rxa8 32. Ra1 Rxa1+ 33. Qxa1 g5 34. Bg3 h5 35. Qa6 h4 36.
Bb8 Qd7 37. Qa8 Nd2 38. Bd6 Ne4 39. Qf8+ Kh7 40. f3 Ng3 41. Qxf6 Qf5 42. Qe7+ Kg6 43. Qe8+ Kh7 44. Qe7+ Kg6 45. Qe8+ Kh7 46. Qe7+ 1/2-1/2

[Event "*** SCC Grand Prix: Titled Tuesday Blitz"]
[Site "Chess.com"]
[Date "2020.07.21"]
[Round "6"]
[White "pavelalexandru07"]
[Black "petincash"]
[Result "0-1"]
[WhiteElo "2137"]
[BlackElo "2364"]
[TimeControl "180+1"]
[EndTime "11:06:46 PDT"]
[Termination "petincash won on time"]

1. d4 Nf6 2. c4 g6 3. Nc3 Bg7 4. e4 O-O 5. Be2 d6 6. Be3 e5 7. d5 Na6 8. g4 Nc5 9. f3 a5 10. h4 h5 11. g5 Nh7 12. Nh3 Bxh3 13.
Rxh3 f6 14. Qd2 fxg5 15. hxg5 Rf4 16. Bxf4 exf4 17. Qxf4 Nxg5 18. Rg3 Bh6 19. O-O-O Kh7 20. Kb1 Qe7 21. Qh4 Re8 22. Rdg1 Nf7 23. Qxe7 Rxe7 24. Rxg6 Ne5 25. R6g2 Ncd3 26. Bxd3 Nxd3 27. Ne2 Rf7 28. Rg3 Ne5 29. Rf1 Nxc4 0-1

[Event "*** SCC Grand Prix: Titled Tuesday Blitz"]
[Site "Chess.com"]
[Date "2020.07.21"]
[Round "6"]
[White "Keures"]
[Black "QueenOfTactics90"]
[Result "1-0"]
[WhiteElo "2239"]
[BlackElo "1987"]
[TimeControl "180+1"]
[EndTime "11:06:46 PDT"]
[Termination "Keures won on time"]

1. d4 Nf6 2. c4 e6 3. Nc3 d5 4.
Bg5 Be7 5. e3 O-O 6. Qc2 c6 7.
cxd5 cxd5 8. Nf3 Nc6 9. a3 Bd7 10. Bd3 g6 11. O-O Rc8 12. Rfc1 Na5 13. Ne5 Ne8 14.
Bh6 Ng7 15. b4 Nc6 16. f4 Re8 17. Qe2 Nf5 18. Ng4 Nxh6 19. Nxh6+ Kg7 20. Ng4 h5 21.
Ne5 f6 22. Nxg6 e5 23. fxe5 fxe5 24. Qxh5 Rh8 25. Qxh8+ Qxh8 26. Nxh8 Rxh8 27. Nxd5 Bd6 28. b5 Na5 29. Ra2 exd4 30. exd4 Bxh2+ 31. Kf2 Rf8+ 32. Ke3 Re8+ 33. Be4 Bf5 34. Nc3 Nc4+ 35. Kd3 Nd6 36.
Re1 Bg4 37. Bf3 Bf5+ 38. Be4 Bg4 39. a4 Bg3 40. Rf1 1-0

[Event "*** SCC Grand Prix: Titled Tuesday Blitz"]
[Site "Chess.com"]
[Date "2020.07.21"]
[Round "6"]
[White "OparinGrigoriy"]
[Black "Grandelicious"]
[Result "1-0"]
[WhiteElo "2943"]
[BlackElo "2795"]
[TimeControl "180+1"]
[EndTime "11:06:47 PDT"]
[Termination "OparinGrigoriy won by resignation"]

1. Nf3 c5 2. c4 Nc6 3. d4 cxd4 4. Nxd4 e5 5. Nb5 a6 6. N5c3 Bc5 7. Ne4 Be7 8. Nbc3 d6 9. Nd5 Bf5 10. Nec3 Nf6 11.
Be3 O-O 12. Nxf6+ Bxf6 13. g3 Nd4 14. Rc1 Rc8 15. b3 b5 16. cxb5 axb5 17. Bg2 Nc2+ 18. Rxc2 Bxc2 19. Qxc2 b4 20. O-O Rxc3 21. Qd1 Qc7 22.
Bd2 Rd8 23. Bxc3 bxc3 24. Bd5 c2 25. Qd2 Rc8 26. Rc1 Qc5 27. Be4 Qa3 28. Rxc2 Rxc2 29.
Qxc2 g6 30. Bd5 Kg7 31. Qc7 Qb2 32. Qxf7+ 1-0

[Event "*** SCC Grand Prix: Titled Tuesday Blitz"]
[Site "Chess.com"]
[Date "2020.07.21"]
[Round "6"]
[White "grunbergmihai"]
[Black "Shubinkirill2003"]
[Result "1-0"]
[WhiteElo "2439"]
[BlackElo "2633"]
[TimeControl "180+1"]
[EndTime "11:06:47 PDT"]
[Termination "grunbergmihai won by resignation"]

1. Nf3 Nf6 2. c4 b6 3. g3 Bb7 4.
Bg2 e6 5. O-O Be7 6. d4 O-O 7.
Nc3 Ne4 8. Qc2 Nxc3 9. Qxc3 c5 10. b3 Bf6 11. e3 Nc6 12. Bb2 cxd4 13. exd4 d5 14.
Rfd1 Rc8 15. Ne5 dxc4 16. bxc4 Na5 17. Bxb7 Nxb7 18. Qf3 Na5 19. c5 b5 20. d5 Bxe5 21.
Bxe5 Nc4 22. Bc3 e5 23. c6 Qd6 24. Rab1 a5 25. Rxb5 f5 26. Rb7 Rf6 27. Rd7 Qc5 28. Qh5 f4 29. Qg5 Rg6 30. Rd8+ Rxd8 31. Qxd8+ Kf7 32.
Qd7+ Kf8 33. c7 Nb6 34. Qd8+ Kf7 35. Bxe5 fxg3 36. Bxg3 h5 37. Re1 h4 38. Qe8+ Kf6 39.
Re6+ 1-0

[Event "*** SCC Grand Prix: Titled Tuesday Blitz"]
[Site "Chess.com"]
[Date "2020.07.21"]
[Round "6"]
[White "Spartakus1975"]
[Black "Sjakkerntobi"]
[Result "1-0"]
[WhiteElo "2643"]
[BlackElo "2415"]
[TimeControl "180+1"]
[EndTime "11:06:47 PDT"]
[Termination "Spartakus1975 won by checkmate"]

1. e4 e6 2. d4 d5 3. exd5 exd5 4. Nf3 Nf6 5. Bd3 c5 6. O-O c4 7. Re1+ Be7 8. Bf1 O-O 9. Nc3 h6 10. g3 Nc6 11. Bg2 Bf5 12. Bf4 a6 13. Ne5 Re8 14. Qd2 Bf8 15. h3 Qb6 16. Nxd5 Qxd4 17. Nxf6+ gxf6 18. Nxc6 Qxd2 19. Bxd2 bxc6 20. Bxc6 Rxe1+ 21. Rxe1 Rb8 22. Bc3 Bxc2 23. Bd5 Bd3 24. Kg2 Bb4 25.
g4 Bxc3 26. bxc3 Rb2 27. Re8+ Kg7 28. Re7 Kg8 29. Kg3 Rxa2 30. Rxf7 Ra3 31. Rxf6+ Kg7 32. Rf7+ Kg8 33. h4 Rxc3 34. Rf3+ Kg7 35. Bxc4 Rxc4 36.
Rxd3 a5 37. Rd7+ Kf6 38. Ra7 a4 39. Ra6+ Kg7 40. g5 hxg5 41. hxg5 Rc3+ 42. Kg4 a3 43. f4 Rb3 44. Ra7+ Kg8 45. f5 Rc3 46. Kh5 Rc5 47. Kg6 Rc6+ 48. f6 Rc8 49. Rg7+ Kf8 50. Rh7 Kg8 51. f7+ Kf8 52. Rh8+ Ke7 53. Rxc8 a2 54.
f8=Q+ Ke6 55. Qf5+ Kd6 56. Rd8+ Kc7 57. Qd7+ Kb6 58.
Qd6+ Kb5 59. Rb8+ Kc4 60. Rb4+ Kc3 61. Qd4+ Kc2 62. Rb2+ Kc1 63. Qd2# 1-0

[Event "*** SCC Grand Prix: Titled Tuesday Blitz"]
[Site "Chess.com"]
[Date "2020.07.21"]
[Round "6"]
[White "1f3_2g41-0"]
[Black "Zurability"]
[Result "0-1"]
[WhiteElo "2385"]
[BlackElo "2580"]
[TimeControl "180+1"]
[EndTime "11:06:48 PDT"]
[Termination "Zurability won by checkmate"]

1. e4 c5 2. Nf3 d6 3. d4 cxd4 4. Nxd4 Nf6 5. Nc3 a6 6. h3 e5 7.
Nde2 h5 8. g3 Be6 9. Bg2 Nbd7 10. Be3 h4 11. g4 Be7 12. a4 Rc8 13. O-O O-O 14. a5 Nc5 15. b4 Ncd7 16. Nd5 Bxd5 17. exd5 Rc4 18. c3 Nh7 19. Qd3 Qc8 20. Qf5 g6 21.
Qd3 Bg5 22. Bxg5 Nxg5 23. Qe3 f6 24. f4 exf4 25. Nxf4 Ne5 26. Qb6 Rxc3 27. Qxd6 Rc2 28. Nxg6 Nxg6 29. Rxf6 Rxg2+ 30. Kxg2 Qc2+ 31. Kg1 Nf3+ 32. Kf1 Qd3+ 33. Kg2 Qe2+ 34. Kh1 Rxf6 35. Qd8+ Rf8 36.
Qc7 Nf4 37. Ra2 Qf1# 0-1

[Event "*** SCC Grand Prix: Titled Tuesday Blitz"]
[Site "Chess.com"]
[Date "2020.07.21"]
[Round "6"]
[White "pastouche06"]
[Black "Chessdemon2019"]
[Result "1-0"]
[WhiteElo "2528"]
[BlackElo "2357"]
[TimeControl "180+1"]
[EndTime "11:06:48 PDT"]
[Termination "pastouche06 won on time"]

1. d4 Nf6 2. c4 e6 3. Nc3 Bb4 4. e3 b6 5. Ne2 Bb7 6. a3 Be7 7. d5 O-O 8. g3 d6 9. Bg2 e5 10. O-O Nbd7 11. b4 a5 12. Bb2 h6 13. Qc2 Nh7 14. g4 g6 15. Ng3 Bh4 16. Nce2 Bxg3 17. Nxg3 Nhf6 18. h3 Kg7 19. f4 Qe7 20. Rae1 axb4 21.
axb4 Ra2 22. Qb1 Rfa8 23. Rf2 b5 24. g5 hxg5 25. fxg5 Nh7 26. h4 bxc4 27. Ref1 Nb6 28. Bxe5+ Qxe5 29. Rxf7+ Kh8 30. Qxg6 Rxg2+ 31. Kxg2 Bxd5+ 32. Kh3 Be6+ 33. R1f5 Bxf5+ 34. Nxf5 Nxg5+ 35. hxg5 1-0

[Event "*** SCC Grand Prix: Titled Tuesday Blitz"]
[Site "Chess.com"]
[Date "2020.07.21"]
[Round "6"]
[White "JuliaEfremova"]
[Black "Shuvalov"]
[Result "1-0"]
[WhiteElo "2341"]
[BlackElo "2495"]
[TimeControl "180+1"]
[EndTime "11:06:48 PDT"]
[Termination "JuliaEfremova won by checkmate"]

1. e4 e6 2. d4 d5 3. c4 dxe4 4.
Nc3 Nc6 5. Be3 Nf6 6. Nge2 h5 7. a3 h4 8. Qc2 Na5 9. Nc1 c5 10. dxc5 Nc6 11. Nxe4 Nd4 12. Nxf6+ gxf6 13. Bxd4 Qxd4 14.
Nb3 Qe5+ 15. Qe2 Bd7 16. Qxe5 fxe5 17. Be2 h3 18. Bf3 hxg2 19. Bxg2 Ba4 20. Na5 Bxc5 21. Nxb7 Bd4 22. Nd6+ Ke7 23. Bxa8 Rxa8 24. Nb5 Bxb2 25. Rb1 Bxb5 26. cxb5 Bxa3 27. h4 Rh8 28. Ke2 Rh5 29.
f3 Bc5 30. Rbc1 Bd4 31. Rc7+ Kf6 32. Rb7 Bb6 33. Kf1 e4 34. fxe4 Rxb5 35. Ke2 Rb2+ 36. Kf3 Rb3+ 37. Kg4 Kg6 38. h5+ Kh6 39. Rxf7 Bd4 40.
Re7 Rb6 41. Rf1 a5 42. Rff7 Rb7 43. Rh7# 1-0

[Event "*** SCC Grand Prix: Titled Tuesday Blitz"]
[Site "Chess.com"]
[Date "2020.07.21"]
[Round "6"]
[White "GGfrances"]
[Black "KaterynaLagno"]
[Result "1-0"]
[WhiteElo "2501"]
[BlackElo "2730"]
[TimeControl "180+1"]
[EndTime "11:06:50 PDT"]
[Termination "GGfrances won by resignation"]

1. e4 e5 2. Nf3 Nc6 3. Bc4 Nf6 4. Ng5 d5 5. exd5 Na5 6. Bb5+ c6 7. dxc6 bxc6 8.
Qf3 Bb7 9. Bd3 c5 10. Bb5+ Ke7 11. Qh3 a6 12. Bd3 e4 13. O-O Qd5 14. Nxe4 Nxe4 15.
Re1 f5 16. Nc3 Qd4 17. Qxf5 Qf6 18. Bxe4 Qxf5 19. Bxf5+ Kf6 20. Be4 c4 21. b4 Nc6 22.
Nd5+ Kf7 23. Nc7 Rd8 24. Bd5+ Rxd5 25. Nxd5 Nd4 26. Ne3 h5 27. c3 Ne6 28. Nxc4 Nf4 29. Ne5+ Kg8 30. f3 h4 31. d4 Nd5 32. Ng6 Rh5 33. Re8 Kf7 34. Rxf8+ Kxg6 35. Rb8 Bc6 36. Bd2 h3 37. c4 Ne7 38. Rb6 hxg2 39. d5 Kf5 40. dxc6 Nc8 41. Rxa6 Nd6 42. Ra5+ 1-0

[Event "*** SCC Grand Prix: Titled Tuesday Blitz"]
[Site "Chess.com"]
[Date "2020.07.21"]
[Round "6"]
[White "Artem_Sadovsky"]
[Black "northridgehawk"]
[Result "0-1"]
[WhiteElo "2497"]
[BlackElo "2347"]
[TimeControl "180+1"]
[EndTime "11:06:50 PDT"]
[Termination "northridgehawk won on time"]

1. d4 Nf6 2. Nf3 g6 3. g3 Bg7 4. Bg2 O-O 5. O-O d5 6. c4 dxc4 7. Nc3 c6 8. Ne5 Be6 9. a4 a5 10. e4 Na6 11. Qe2 Qxd4 12. Bf4 Qb6 13. Nxc4 Qb4 14.
Ne3 Nc5 15. Ra3 Nfxe4 16. Nxe4 Nxe4 17. Nc2 Qxb2 18. Bxe4 Rfd8 19. Rd3 Bb3 20. Rxd8+ Rxd8 21. Bc1 Qc3 22. Ne3 Qb4 23. Bc2 Bxa4 24. Bxa4 Qxa4 25. Qc4 Qxc4 26. Nxc4 a4 27. Be3 b5 28. Na5 c5 29.
Bxc5 Rc8 30. Bxe7 b4 31. Bxb4 Ra8 32. Rb1 a3 33. Nb3 a2 34. Rd1 Rb8 35. Na1 Rxb4 36. Kg2 Ra4 37. Rd8+ Bf8 38. Rc8 Rb4 39. Ra8 Rb2 40.
Kf3 Kg7 41. h4 Bc5 42. Ra4 Rxf2+ 43. Ke4 Be7 44. Nb3 Bf6 45. g4 Bxh4 46. Nd4 Bg5 47. Nf3 Bf6 48. g5 Bc3 49. Ne5 a1=Q 50. Rxa1 Bxa1 51.
Nd3 Rf5 0-1

[Event "*** SCC Grand Prix: Titled Tuesday Blitz"]
[Site "Chess.com"]
[Date "2020.07.21"]
[Round "6"]
[White "Speshka"]
[Black "HouseOfDurin"]
[Result "0-1"]
[WhiteElo "2214"]
[BlackElo "2067"]
[TimeControl "180+1"]
[EndTime "11:06:51 PDT"]
[Termination "HouseOfDurin won on time"]

1. e4 c5 2. Nf3 Nc6 3. d4 cxd4 4. Nxd4 e5 5. Nb5 d6 6. c4 Be6 7. N1c3 a6 8. Na3 Rc8 9. Nd5 Nf6 10. Bd3 Be7 11.
O-O O-O 12. Nc2 Nd4 13. Be3 Nxc2 14. Qxc2 Nxd5 15. exd5 Bxd5 16. Bxh7+ Kh8 17. b3 g6 18. Rfd1 Be6 19. Bxg6 fxg6 20. Qxg6 Bf5 21. Qh5+ Bh7 22. f4 Rf5 23. Qh6 Qf8 24. Qh3 exf4 25. Bd4+ Bf6 26.
Rac1 Bxd4+ 27. Rxd4 Qf6 28. Rcd1 f3 29. gxf3 Rxf3 30.
Qxc8+ Kg7 31. Rg4+ Bg6 0-1

[Event "*** SCC Grand Prix: Titled Tuesday Blitz"]
[Site "Chess.com"]
[Date "2020.07.21"]
[Round "6"]
[White "mikheeva86"]
[Black "AJSC02"]
[Result "1-0"]
[WhiteElo "1919"]
[BlackElo "2070"]
[TimeControl "180+1"]
[EndTime "11:06:51 PDT"]
[Termination "mikheeva86 won on time"]

1. e4 c5 2. Nc3 Nc6 3. g3 g6 4. Bg2 Bg7 5. d3 e6 6. Be3 d6 7. Qd2 Rb8 8. Nge2 Nd4 9. f4 Ne7 10. O-O O-O 11. Nd1 b5 12. c3 Nxe2+ 13. Qxe2 b4 14. d4 Qa5 15. Qd2 Ba6 16. Rf2 Rfd8 17.
Bh3 cxd4 18. cxd4 d5 19. f5 exf5 20. exf5 Qb6 21. Kh1 Re8 22. Rc1 Bc8 23. g4 a5 24.
b3 Bd7 25. Nb2 Rbc8 26. Rxc8 Rxc8 27. Nd3 Bxd4 28. Bxd4 Qxd4 29. f6 Nc6 30. Qh6 Qe4+ 31. Bg2 1-0

[Event "*** SCC Grand Prix: Titled Tuesday Blitz"]
[Site "Chess.com"]
[Date "2020.07.21"]
[Round "6"]
[White "The_Machine04"]
[Black "michaelshahade"]
[Result "1-0"]
[WhiteElo "2287"]
[BlackElo "2037"]
[TimeControl "180+1"]
[EndTime "11:06:52 PDT"]
[Termination "The_Machine04 won on time"]

1. d4 Nf6 2. Bg5 Ne4 3. Bf4 c5 4. f3 Nf6 5. dxc5 Qa5+ 6. Nc3 Qxc5 7. e4 d6 8. Qd2 Nbd7 9. O-O-O a6 10. Nge2 g6 11.
g4 Bg7 12. h4 b5 13. Bh6 Bxh6 14. Qxh6 Bb7 15. Kb1 Ne5 16. Nd4 Rc8 17. Be2 Nc4 18. Bxc4 Qxc4 19. h5 gxh5 20. g5 Nd7 21. Rxh5 b4 22.
Nce2 e5 23. Qg7 Rf8 24. Rxh7 exd4 25. Nxd4 Ne5 26. Qf6 Ng6 27. Qxd6 Qc7 28. Qf6 Qe7 29. Nf5 1-0

[Event "*** SCC Grand Prix: Titled Tuesday Blitz"]
[Site "Chess.com"]
[Date "2020.07.21"]
[Round "6"]
[White "Boudicca64"]
[Black "rududuyk"]
[Result "0-1"]
[WhiteElo "1785"]
[BlackElo "2062"]
[TimeControl "180+1"]
[EndTime "11:06:52 PDT"]
[Termination "rududuyk won on time"]

1. e4 e6 2. d4 d5 3. exd5 exd5 4. Nf3 Nf6 5. c4 Bb4+ 6. Nc3 O-O 7. Bg5 Re8+ 8. Be2 c6 9. O-O h6 10. Bh4 g5 11. Bg3 Bxc3 12. bxc3 Ne4 13. Ne5 Nxc3 14. Qc2 Nxe2+ 15. Qxe2 Qf6 16. Qh5 Nd7 17. Ng4 Qg6 18. Nxh6+ Kg7 19. Qxg6+ Kxg6 20. Ng4 dxc4 21. Rfe1 Rxe1+ 22. Rxe1 b5 23. Re7 c3 24. Ne3 b4 25.
Kf1 a5 26. Ke1 a4 27. a3 b3 28. Kd1 Nb6 29. h4 Nd5 30. Nxd5 cxd5 31. h5+ Kxh5 32. Rxf7 Kg6 33. Rc7 b2 34. Kc2 Bf5+ 0-1

[Event "*** SCC Grand Prix: Titled Tuesday Blitz"]
[Site "Chess.com"]
[Date "2020.07.21"]
[Round "6"]
[White "pooh2012"]
[Black "GMartin_Petrov"]
[Result "0-1"]
[WhiteElo "2427"]
[BlackElo "2611"]
[TimeControl "180+1"]
[EndTime "11:06:53 PDT"]
[Termination "GMartin_Petrov won by resignation"]

1. e4 c6 2. Nc3 d5 3. Nf3 g6 4. h4 Bg4 5. Be2 Bg7 6. exd5 cxd5 7.
d4 Nc6 8. Be3 Nf6 9. Ne5 Bxe2 10.
Qxe2 h5 11. Qb5 O-O 12. Qxb7 Nxe5 13. dxe5 Rb8 14. Qc6 Ng4 15. Qxd5 Nxe3 16. Qxd8 Nxg2+ 17. Kf1 Rfxd8 18. Kxg2 Rxb2 19. Rad1 Rxd1 20. Rxd1 Bxe5 21.
Nd5 e6 22. Ne3 Rxa2 23. c4 a5 24. Kf3 a4 25. c5 a3 26. Rd8+ Kg7 27. Ra8 Ra1 28. c6 Rc1 29. Rxa3 Rxc6 30. Ra4 Rc3 31. Re4 Bd6 32. Kg2 Bc5 33. Nf1 Rc2 34. Rf4 e5 35. Rf3 e4 36. Rf4 f5 37. Ng3 e3 38.
Kf1 Rxf2+ 39. Rxf2 exf2 40. Ne2 Kf6 41. Nf4 Be3 42. Ng2 f4 43. Nxe3 fxe3 44. Ke2 Kf5 45. Kf1 Kg4 46. Ke2 Kf4 47. Kf1 Kg3 48. Ke2 Kg4 0-1

[Event "*** SCC Grand Prix: Titled Tuesday Blitz"]
[Site "Chess.com"]
[Date "2020.07.21"]
[Round "6"]
[White "MacDaddyMac"]
[Black "BabyBoss31"]
[Result "0-1"]
[WhiteElo "2367"]
[BlackElo "2210"]
[TimeControl "180+1"]
[EndTime "11:06:53 PDT"]
[Termination "BabyBoss31 won by resignation"]

1. e4 c6 2. d4 d5 3. e5 c5 4.
c3 Nc6 5. h4 Bf5 6. Nf3 e6 7.
Bd3 Bg4 8. a3 cxd4 9. cxd4 Bxf3 10. gxf3 Nxd4 11. Qa4+ Nc6 12. Bg5 Be7 13. f4 h6 14.
Bxe7 Nxe7 15. Nd2 Qd7 16. b4 Nxe5 17. Bb5 N5c6 18. Rc1 a6 19. Be2 O-O 20. Rg1 b5 21.
Qc2 Nd4 22. Qb2 Nef5 23. Nf3 Nxe2 24. Kxe2 f6 25. Nd4 Rae8 26. Nxf5 exf5+ 27. Kf3 d4 28. Qb3+ Kh7 29. Rc5 Qe7 30. Rxf5 Qe4+ 31. Kg4 Qe2+ 32.
f3 Re3 33. Qd5 Qh2 34. Rg3 g6 35. Qd7+ Kh8 36. Rxf6 Rxf6 37. Qxd4 Re6 38. Qd8+ Kg7 39. Qd7+ Rf7 40. Qd4+ Ref6 41. f5 h5+ 42. Kf4 Qxh4+ 43. Ke3 Qxd4+ 44. Kxd4 Rxf5 0-1

[Event "*** SCC Grand Prix: Titled Tuesday Blitz"]
[Site "Chess.com"]
[Date "2020.07.21"]
[Round "6"]
[White "dosto07"]
[Black "Flopezin"]
[Result "0-1"]
[WhiteElo "2220"]
[BlackElo "2118"]
[TimeControl "180+1"]
[EndTime "11:06:53 PDT"]
[Termination "Flopezin won on time"]

1. d4 Nf6 2. Nf3 e6 3. Bf4 c5 4. e3 b6 5. Bd3 Bb7 6. O-O Be7 7. h3 O-O 8. Nbd2 Re8 9. c3 cxd4 10. exd4 d6 11. Re1 Bf8 12. a4 a6 13. Bh2 Nbd7 14.
Nc4 Qc7 15. Qe2 Rad8 16. Ncd2 Nb8 17. Ne4 Nxe4 18. Bxe4 Bxe4 19. Qxe4 Qc6 20. Qxc6 Nxc6 21. Kf1 g6 22. Ng5 Bg7 23. Ne4 e5 24. d5 Nb8 25.
Bg3 h6 26. c4 f5 27. Nc3 Nd7 28. f3 Rc8 29. b3 Nc5 30. Rab1 g5 31. Bf2 Nd3 32.
Red1 Nxf2 33. Kxf2 e4 34. Rdc1 e3+ 35. Ke2 Bxc3 36.
Rxc3 f4 37. b4 Rc7 38. Rbc1 Rec8 39. g3 Kf7 40. gxf4 gxf4 41. Kd3 Re8 42. c5 bxc5 43. bxc5 dxc5 44. Ke2 Rec8 45. Rc4 Kf6 46. Rxf4+ Ke5 47. Re4+ Kxd5 48. Rxe3 c4 49. Rd1+ Kc5 50. Re5+ Kb4 51. a5 c3 52. Rb1+ Ka3 53. Kd3 c2 54. Rc1 Kb2 55.
Ree1 Rd8+ 0-1